 Dungeon Crawl Stone Soup version 0.21-a0-201-g8501b10 (webtiles) character file.

8283 Helio the Unseen (level 11, -4/54 HPs)
             Began as a Spriggan Enchanter on Aug 17, 2017.
             Was an Initiate of Dithmenos.
             Slain by Grum
             ... wielding a -1 spear
              (27 damage)
             ... on level 9 of the Dungeon.
             The game lasted 00:34:14 (14500 turns).

Helio the Unseen (Spriggan Enchanter)              Turns: 14500, Time: 00:34:14

Health: -4/54      AC:  9    Str:  6    XL:     11   Next: 7%
Magic:  16/25      EV: 27    Int: 18    God:    Dithmenos [......]
Gold:   280        SH:  0    Dex: 19    Spells: 16/28 levels left

rFire    . . .     SeeInvis +   c - +4 dagger (elec)
rCold    . . .     Gourm    .   (shield restricted)
rNeg     . . .     Faith    .   b - +2 robe
rPois    .         Spirit   .   o - +2 hat {MR+}
rElec    .         Reflect  .   t - +2 cloak
rCorr    +         Harm     .   (gloves unavailable)
MR       ++...                  (boots unavailable)
Stlth    ++++++....             (no amulet)
HPRegen  0.18/turn              k - ring of resist corrosion
MPRegen  0.19/turn              (no ring)

@: very quick
A: unfitting armour, repulsion field 1, see invisible, agile 1, herbivore 3,
speed 3, slow metabolism 2
a: Renounce Religion


You were on level 9 of the Dungeon.
You worshipped Dithmenos.
Dithmenos was noncommittal.
You were full.

You visited 2 branches of the dungeon, and saw 10 of its levels.
You also visited: Sewer and Ossuary.

You collected 628 gold pieces.
You spent 348 gold pieces at shops.

Inventory:

Hand Weapons
 a - a +1 dagger
 c - a +4 dagger of electrocution (weapon)
 j - a +0 dagger of protection
Armour
 b - a +2 robe (worn)
 o - a +2 hat of magic resistance (worn)
 t - a +2 cloak (worn)
Jewellery
 k - a ring of resist corrosion (left hand)
Wands
 v - a wand of polymorph (10/24)
 y - a wand of enslavement (3/24)
 B - a wand of flame (32/48)
 C - a wand of lightning (6/15)
 E - a wand of acid (3/15)
 G - a wand of iceblast (5/15)
 I - a wand of flame (19/48)
 K - a wand of random effects (40/48)
Scrolls
 i - 3 scrolls of remove curse
 p - 2 scrolls of blinking
 r - a scroll of fog
 w - a scroll of teleportation
 A - a scroll of amnesia
Potions
 e - 4 potions of mutation
 f - 2 potions of haste
 g - 2 potions of brilliance {unknown}
 l - 3 potions of lignification
 m - 6 potions of curing
 n - 3 potions of might
 q - 2 potions of resistance
 s - 3 potions of agility
 u - a potion of flight {unknown}
 x - a potion of degeneration {unknown}
 z - a potion of ambrosia {unknown}
 D - 2 potions of cancellation
Comestibles
 d - 6 bread rations
 J - 6 royal jellies


   Skills:
 + Level 4.6 Fighting
 + Level 6.0 Short Blades
 + Level 8.4 Dodging
 + Level 15.1 Stealth
 + Level 9.3 Spellcasting
 + Level 9.2 Hexes


You had 16 spell levels left.
You knew the following spells:

 Your Spells              Type           Power        Failure   Level  Hunger
a - Ensorcelled Hibernat  Hex/Ice        ###...       1%          2    None
b - Corona                Hex            #####..      1%          1    None
c - Confuse               Hex            #####...     1%          3    None
d - Tukima's Dance        Hex            #####...     1%          3    None
e - Dazzling Spray        Conj/Hex       ###...       3%          3    None


Dungeon Overview and Level Annotations

Branches:
Dungeon (9/15)             Temple (1/1) D:4
   Lair: D:8-11         Orc: D:9-12

Altars:
Ashenzari
Cheibriados
Dithmenos
Elyvilon
Fedhas
Hepliaklqana
Kikubaaqudgha
Makhleb
Nemelex Xobeh
Okawaru
Qazlal
Ru
Trog
Uskayaw
Vehumet
Wu Jian
Xom
Yredelemnul
Zin
The Shining One

Shops:
D:4 [   D:8 [

Annotations:
D:9 Grum


Innate Abilities, Weirdness & Mutations

You are very small and have problems with some larger weapons.
You are too small for most types of armour.
You have supernaturally acute eyesight. (SInv)
You are a herbivore.
You cover ground extremely quickly.
You need consume almost no food.
You are surrounded by a mild repulsion field. (EV +2)
You are agile. (Dex +2)


Message History

Aim: Grum, wielding a spear and wearing an animal skin (unusually strong, chance to defeat MR: 83%) Grum barely resists.
The wolf misses you. The wolf bites you! Grum completely misses you.
Grum glances around and shouts, "Cujo!
Here boy!"
There is an open door here.
Casting: Tukima's Dance
Confirm with . or Enter, or press ? or * to list all spells.
Aiming: Ensorcelled Hibernation
Press: ? - help, Shift-Dir - straight line, f/p - Grum
Aim: Grum, wielding a spear and wearing an animal skin (unusually strong, chance to defeat MR: 62%)
The wolf looks drowsy...
The helpless wolf fails to defend itself.
You spit the wolf like a pig!!!! Lightning courses through the wolf!
You kill the wolf!
Dithmenos accepts your kill. Grum hits you from afar with a spear!!
* * * LOW HITPOINT WARNING * * *
You feel much better. Grum hits you from afar with a spear!!
Ouch! That really hurt!
You die...

#..###....§# #####..§..§§
#.#§§§...§§ #####+§§§§...§§
#...§§§§§.._.§§
#....§§h§§..... ###########
#.....#§§§....§
#.../.....###...Y.##§§HYs§§
#.......g†@.#.....###§..§§#
#../...†..#.#..H..####...##
+.........#.#............#
#.........#.#..........###
#.........#.#h.........#
########+##.'..........#
###..........# #########+##


You could see Grum.

Vanquished Creatures
  3 two-headed ogres (D:8)
  A swamp dragon (shapeshifter) (D:8)
  Grinder (D:3)
  The ghost of Serpenta the Caller, an amateur BaSu (D:4)
  A yak (D:8)
  2 wraiths (Ossuary)
  3 hogs (D:8)
  A human (D:8)
  A hungry ghost (D:6)
  Purgy (Sewer)
  3 ice beasts
  3 orc warriors
  An eye of draining (D:6)
  4 ogres
  3 phantoms
  A sky beast (D:5)
  5 centaurs
  2 wolves (D:9)
  5 bullfrogs
  2 scorpions
  4 killer bees
  8 wights
  2 howler monkeys
  5 crimson imps
  3 bullfrog zombies
  A jelly (D:5)
  2 centaur skeletons
  2 hounds (D:6)
  8 orc wizards
  2 bullfrog skeletons
  6 orc priests
  An iguana (D:8)
  7 worker ants
  A killer bee zombie (D:6)
  A howler monkey zombie (D:7)
  A worker ant zombie (D:7)
  18 adders
  4 gnolls
  3 shadow imps
  4 adder zombies
  2 adder skeletons
  9 worms
  3 dart slugs
  5 leopard geckos
  22 orcs
  9 bats
  7 giant cockroaches
  6 hobgoblins
  5 jackals
  7 kobolds
  5 quokkas
  A ball python (D:3)
  A ball python skeleton (Ossuary)
  7 frilled lizards
  4 goblins
  A hobgoblin zombie (Ossuary)
  A jackal skeleton (D:6)
  3 kobold zombies (Ossuary)
  An orc zombie (Ossuary)
  A quokka zombie (D:5)
  4 rats
231 creatures vanquished.

Vanquished Creatures (collateral kills)
  4 gnolls
4 creatures vanquished.

Vanquished Creatures (others)
  A wizard (D:6)
  2 dancing weapons (D:6)
  A human (D:2)
  An adder (D:3)
  An orc (D:7)
  A goblin (D:3)
7 creatures vanquished.

Grand Total: 242 creatures vanquished

Notes
Turn   | Place    | Note
-------+----------+-------------------------------------------
     0 | D:1      | Helio the Spriggan Enchanter began the quest for the Orb.
     0 | D:1      | Reached XP level 1. HP: 9/9 MP: 5/5
   252 | D:1      | Reached XP level 2. HP: 9/13 MP: 5/7
   256 | D:1      | Learned a level 2 spell: Ensorcelled Hibernation
   923 | D:2      | Found an iron altar of Okawaru.
  1177 | D:2      | Reached XP level 3. HP: 11/16 MP: 9/9
  1182 | D:2      | Learned a level 3 spell: Confuse
  1186 | D:2      | Learned a level 3 spell: Tukima's Dance
  2117 | D:2      | Found an ancient bone altar of Kikubaaqudgha.
  2118 | D:2      | Noticed a human
  2120 | D:2      | Killed a human
  2948 | D:3      | Reached XP level 4. HP: 21/21 MP: 11/11
  2959 | D:3      | Found a radiant altar of Vehumet.
  2984 | D:3      | Reached skill level 5 in Hexes
  4050 | D:3      | Noticed Grinder
  4339 | D:3      | Killed Grinder
  4339 | D:3      | Reached XP level 5. HP: 14/24 MP: 6/14
  4339 | D:3      | Reached XP level 6. HP: 16/28 MP: 6/16
  4344 | D:3      | Gained mutation: You are agile. (Dex +2) [potion of mutation]
  4344 | D:3      | Gained mutation: You are surrounded by a mild repulsion field. (EV +2) [potion of mutation]
  4610 | D:4      | Reached skill level 5 in Stealth
  4632 | D:4      | Found a white marble altar of Elyvilon.
  4670 | D:4      | Reached skill level 6 in Stealth
  4824 | D:4      | Noticed Serpenta's ghost (amateur BaSu)
  4840 | D:4      | Killed Serpenta's ghost
  4840 | D:4      | Reached skill level 8 in Stealth
  4840 | D:4      | Reached XP level 7. HP: 32/32 MP: 10/17
  5434 | D:4      | Reached skill level 9 in Stealth
  5789 | D:4      | Reached skill level 10 in Stealth
  5851 | D:4      | Found Vuitzyi's Antique Armour Emporium.
  5854 | D:4      | Bought an embroidered hat for 168 gold pieces
  6317 | D:4      | Found a staircase to the Ecumenical Temple.
  6326 | Temple   | Entered the Ecumenical Temple
  6790 | D:4      | Reached skill level 11 in Stealth
  6790 | D:4      | Reached XP level 8. HP: 35/36 MP: 15/18
  6961 | D:5      | Entered Level 5 of the Dungeon
  7071 | D:5      | Reached skill level 12 in Stealth
  7525 | D:4      | Bought a glowing cloak for 180 gold pieces
  7856 | D:6      | Learned a level 3 spell: Dazzling Spray
  7963 | D:6      | Found a glowing drain.
  7974 | Sewer    | Entered a sewer
  8136 | Sewer    | Reached skill level 13 in Stealth
  8158 | Sewer    | Noticed Purgy
  8189 | Sewer    | Killed Purgy
  8530 | D:6      | Reached skill level 1 in Fighting
  8789 | D:6      | Found a bloodstained altar of Trog.
  8790 | D:6      | Noticed a wizard
  8798 | D:6      | Killed a wizard
  9353 | D:6      | Reached XP level 9. HP: 41/41 MP: 18/20
 10325 | D:6      | Reached skill level 5 in Dodging
 10470 | D:7      | Found a sparkling altar of Nemelex Xobeh.
 10538 | D:7      | Found a sand-covered staircase.
 10544 | Ossuary  | Entered an ossuary
 11632 | D:7      | Reached skill level 14 in Stealth
 12018 | D:8      | Noticed a two-headed ogre
 12033 | D:8      | Killed a two-headed ogre
 12033 | D:8      | Reached XP level 10. HP: 40/49 MP: 16/22
 12094 | D:8      | Found a basalt altar of Yredelemnul.
 12131 | D:8      | Noticed a two-headed ogre
 12149 | D:8      | Noticed a two-headed ogre
 12160 | D:8      | Killed a two-headed ogre
 12161 | D:8      | Noticed a guardian serpent
 12167 | D:8      | Killed a two-headed ogre
 12167 | D:8      | Reached skill level 5 in Short Blades
 13333 | D:8      | Noticed a swamp dragon
 13344 | D:8      | Killed a swamp dragon
 13736 | D:8      | Found Awuer's Antique Armour Boutique.
 13782 | D:8      | Reached skill level 15 in Stealth
 13789 | D:8      | Reached XP level 11. HP: 46/54 MP: 11/25
 14309 | D:8      | Found a glowing silver altar of Zin.
 14309 | D:8      | Found a snail-covered altar of Cheibriados.
 14417 | D:9      | Found a shadowy altar of Dithmenos.
 14430 | D:9      | Became a worshipper of Dithmenos the Shadowed
 14475 | D:9      | Noticed Grum
 14499 | D:9      | HP: 2/54 [Grum/spear (18)]
 14500 | D:9      | Slain by Grum

Vault maps used:
D:1:      evilmike_arrival_crescent
D:2:      okawaru_trees_1, tgw_kikubaaqudgha
D:3:      fiery_altar_vehumet, first_bread, uniq_grinder
D:4:      elyvilon_altar_5, minmay_temple_entry_junction, serial_shops,
          nicolae_shop_trees
D:6:      gup_sewer_entry_bubbles, trog_wizard
D:7:      nemelex_xobeh_ov_fountains_minmay, enter_ossuary_2
D:8:      nicolae_overflow_crystal_walls, amethyst_overflow_temple_binary,
          serial_shops, shop, grunt_livestock, grunt_potential
D:9:      lemuel_crystal_altar, nicolae_overflow_hidden_temple,
          nicolae_dithmenos_the_darkroom, uniq_erica, uniq_grum, uniq_joseph
Temple:   nicolae_temple_x_marks_the_god
Sewer:    kennysheep_door_sewer
Ossuary:  ossuary_due_cavern

Skill      XL: |  1  2  3  4  5  6  7  8  9 10 11 |
---------------+----------------------------------+-----
Spellcasting   | 3 4 6 7 9 |  9.3
Hexes          | 4 6 8 9 |  9.2
Stealth        | 8 11 13 14 15 | 15.1
Fighting       | 1 3 4 |  4.6
Short Blades   | 2 4 5 6 |  6.0
Dodging        | 4 6 8 |  8.4

Action                   |  1- 3 |  4- 6 |  7- 9 | 10-12 || total
-------------------------+-------+-------+-------+-------++-------
Melee: Dagger            |    88 |   120 |   379 |   178 ||   765
 Cast: Corona            |     3 |       |     3 |       ||     6
       Ensorcelled Hiber |    33 |    19 |    65 |    30 ||   147
       Confuse           |     1 |    13 |    52 |    25 ||    91
       Tukima's Dance    |       |       |     5 |     1 ||     6
       Dazzling Spray    |       |       |     2 |     1 ||     3
Evoke: Wand              |       |       |     4 |       ||     4
  Use: Scroll            |     7 |     3 |    10 |     4 ||    24
       Potion            |       |     1 |       |     1 ||     2
 Stab: Sleeping          |    18 |    14 |    72 |    18 ||   122
       Confused          |     1 |    12 |    27 |    16 ||    56
       Invisible         |       |       |     1 |     1 ||     2
       Distracted        |       |       |       |     1 ||     1
  Eat: Royal jelly       |     1 |       |       |       ||     1
       Fruit             |       |     8 |     5 |       ||    13
       Bread ration      |       |       |       |     1 ||     1
Armor: Robe              |    10 |    10 |    45 |    18 ||    83
Dodge: Dodged            |    84 |    45 |   232 |   185 ||   546
